 Dungeon Sprint DCSS version 0.17-a0-2215-g49c1de0 (webtiles) character file.

517 Kidiri the Covert (level 7, -4/36 HPs)
             Began as a Spriggan Enchanter on Oct 27, 2015.
             Was an Initiate of Dithmenos.
             Killed by a malign offering
             ... invoked by a deep elf priest
              (20 damage)
             ... in the Dungeon (Sprint III: "The Ten Rune Challenge").
             The game lasted 00:03:23 (487 turns).

Kidiri the Covert (Spriggan Enchanter)               Turns: 487, Time: 00:03:23

Health: -4/36      AC:  3    Str:  4    XL:     7   Next: 0%
Magic:  7/19       EV: 25    Int: 17    God:    Dithmenos [......]
Gold:   12         SH:  0    Dex: 18    Spells: 8 memorised, 2 levels left

rFire  . . .     SeeInvis +     a - +1 dagger
rCold  . . .     Clarity  .     b - +1 robe
rNeg   . . .     SustAt   .     (shield restricted)
rPois  .         Gourm    .     (helmet restricted)
rElec  .         Spirit   .     (no cloak)
rCorr  .         Warding  .     (gloves unavailable)
rMut   .         NoTele   +     (boots unavailable)
MR     +....                    (no amulet)
Stlth  +++++.....               (no ring)
                                (no ring)

@: very quick, somewhat resistant to hostile enchantments, quite stealthy
A: unfitting armour, horns 1, see invisible, herbivore 3, speed 3, screaming 1,
slow metabolism 2, evolution 1
a: Renounce Religion


You were in the Dungeon.
You worshipped Dithmenos.
Dithmenos was noncommittal.
You were not hungry.

You visited 1 branch You collected 12 gold pieces.

Inventory:

Hand Weapons
 a - a +1 dagger (weapon)
Armour
 b - a +1 robe (worn)
Wands
 k - a wand of digging (8)
Scrolls
 j - a scroll of blinking
 m - a scroll of torment {unknown}
 n - a scroll of fog {unknown}
 o - a scroll of remove curse {unknown}
 r - a scroll of holy word {unknown}
 s - a scroll of identify {unknown}
 t - a scroll of recharging {unknown}
Potions
 e - a potion of curing
 f - 2 potions of heal wounds
 g - 2 potions of haste
 h - 2 potions of magic
 i - a potion of berserk rage
 q - 4 potions of cure mutation
 u - 2 potions of flight
Books
 w - a book of Debilitation

   Spells                             Type                      Level
   a - Corona                         Hexes                        1
   b - Slow                           Hexes                        2
   c - Gell's Gravitas                Hexes/Translocation          3
   d - Inner Flame                    Hexes/Fire                   3
   e - Cause Fear                     Hexes                        4
   f - Leda's Liquefaction            Hexes/Earth                  4
Comestibles
 d - a bread ration
 l - a royal jelly
 p - 3 fruits


   Skills:
 + Level 3.3 Fighting
 * Level 6.5 Short Blades
 + Level 3.0 Armour
 * Level 8.9 Dodging
 * Level 10.3 Stealth
 * Level 7.6 Spellcasting
 + Level 2.4 Conjurations
 + Level 6.1 Hexes
 + Level 0.0 Charms
 + Level 2.7 Ice Magic
 + Level 0.0 Air Magic
 + Level 0.0 Poison Magic
 + Level 1.2 Invocations


You had 2 spell levels left.
You knew the following spells:

 Your Spells              Type           Power        Failure   Level  Hunger
a - Corona                Hex            ####...      1%          1    None
b - Ensorcelled Hibernat  Hex/Ice        ###...       2%          2    None
c - Confuse               Hex            ####....     2%          3    ##.....
d - Tukima's Dance        Hex            ####....     2%          3    ##.....
e - Dazzling Spray        Conj/Hex       ###.....     8%          3    ##.....
f - Repel Missiles        Chrm/Air       #.....       21%         2    None
g - Mephitic Cloud        Conj/Pois/Air  #.......     24%         3    ##.....
h - Slow                  Hex            ####....     1%          2    None


Dungeon Overview and Level Annotations

Branches:
Dungeon (1/1)

Altars:
Dithmenos
Elyvilon
Gozag
Kikubaaqudgha
Makhleb
Nemelex Xobeh
Qazlal
Ru
Sif Muna
Vehumet
Xom
Zin
The Shining One
Jiyva
Lugonu


Innate Abilities, Weirdness & Mutations

You are tiny and cannot use many weapons and most armour.
You have supernaturally acute eyesight.
You are a herbivore.
You cover ground extremely quickly.
You need consume almost no food.
You have a pair of small horns on your head.
You occasionally shout uncontrollably at your foes.
You evolve.


Message History

Aiming: Dazzling Spray
Press: ? - help, Shift-Dir - straight line, f/p - deep elf priest
Aim: a deep elf priest (lightly wounded)
The spray of energy misses the deep elf priest.
The deep elf priest closely misses you.
You hit the deep elf priest.
The deep elf priest is lightly wounded.
Unknown command.
Casting: Dazzling Spray
Confirm with . or Enter, or press ? or * to list all spells.
Aiming: Dazzling Spray
Press: ? - help, Shift-Dir - straight line, f/p - deep elf priest
Aim: a deep elf priest (lightly wounded)
The spray of energy hits the deep elf priest.
The deep elf priest is moderately wounded.
The deep elf priest is dazzled.
The deep elf priest utters a dark prayer and points at you.
Your life force is offered up.
Ouch! That really hurt!
You die...

▓▓▓▓ ▓▓▓ ...#### ##.#####
......#####..#_e@#
.....[.#..#..#.(.#
#.##...#..#..###'#+###+##
#.###..##+#..#..........#
##.##..###...'.⌠........#
..##..####...#...######+#
..##..###....#.⌠.#__#...#
.##%..##.....#...#__#...#
##....#......#+###__#...#


You could see a deep elf priest (blind) and a friendly long sword of holy wrath.

Vanquished Creatures
  A shadow (D)
  A spatial vortex (D)
  A water elemental (D)
  A scorpion (D)
  A jelly (D)
  A wizard (D)
  Jessica (D)
  A human (D)
  A kobold demonologist (D)
  An ooze (D)
  2 rats (D)
12 creatures vanquished.

Vanquished Creatures (others)
  2 draconian scorchers (D)
  2 fire drakes (D)
4 creatures vanquished.

Grand Total: 16 creatures vanquished

Notes
Turn   | Place    | Note
--------------------------------------------------------------
     0 | D        | Kidiri the Spriggan Enchanter began the quest for the Orb.
     0 | D        | Reached XP level 1. HP: 9/9 MP: 5/5
    21 | D        | Noticed Jessica
    32 | D        | Killed Jessica
    32 | D        | Reached skill level 1 in Fighting
    32 | D        | Reached skill level 1 in Armour
    32 | D        | Reached skill level 6 in Stealth
    32 | D        | Reached XP level 2. HP: 9/14 MP: 4/7
    32 | D        | Reached XP level 3. HP: 11/18 MP: 5/9
   153 | D        | Learned a level 2 spell: Ensorcelled Hibernation
   157 | D        | Learned a level 3 spell: Confuse
   161 | D        | Learned a level 3 spell: Dazzling Spray
   168 | D        | Noticed a scorpion
   171 | D        | Killed a scorpion
   171 | D        | Reached skill level 5 in Dodging
   171 | D        | Reached XP level 4. HP: 23/23 MP: 9/11
   176 | D        | Learned a level 3 spell: Tukima's Dance
   197 | D        | Reached skill level 7 in Stealth
   197 | D        | Reached skill level 1 in Ice Magic
   202 | D        | Killed a white draconian scorcher
   203 | D        | Killed a white draconian scorcher
   211 | D        | Killed a fire drake
   355 | D        | Gained mutation: You occasionally shout uncontrollably at your foes. [potion of mutation]
   355 | D        | Gained mutation: You evolve. [potion of mutation]
   356 | D        | Gained mutation: You are dopey. (Int -2) [potion of mutation]
   356 | D        | Lost mutation: You are dopey. (Int -2) [potion of mutation]
   356 | D        | Gained mutation: You have a pair of small horns on your head. [potion of mutation]
   367 | D        | Noticed a water elemental
   370 | D        | Killed a water elemental
   370 | D        | Reached skill level 8 in Stealth
   370 | D        | Reached skill level 5 in Spellcasting
   370 | D        | Reached skill level 1 in Conjurations
   370 | D        | Reached skill level 5 in Hexes
   370 | D        | Reached XP level 5. HP: 26/26 MP: 12/14
   386 | D        | Killed a fire drake
   388 | D        | Noticed a jelly
   389 | D        | Noticed a shadow
   391 | D        | Killed a shadow
   391 | D        | Reached skill level 5 in Short Blades
   391 | D        | Reached skill level 9 in Stealth
   391 | D        | Reached XP level 6. HP: 29/32 MP: 14/16
   395 | D        | Killed a jelly
   414 | D        | Found a stormy altar of Qazlal.
   415 | D        | Found a sacrificial altar of Ru.
   415 | D        | Found a burning altar of Makhleb.
   415 | D        | Found a viscous altar of Jiyva.
   415 | D        | Found a shimmering altar of Xom.
   415 | D        | Found a shadowy altar of Dithmenos.
   415 | D        | Found a sparkling altar of Nemelex Xobeh.
   415 | D        | Found a corrupted altar of Lugonu.
   415 | D        | Found an opulent altar of Gozag.
   415 | D        | Noticed a spatial vortex
   419 | D        | Became a worshipper of Dithmenos the Shadowed
   420 | D        | Killed a spatial vortex
   420 | D        | Reached skill level 10 in Stealth
   420 | D        | Reached skill level 1 in Invocations
   445 | D        | Found a radiant altar of Vehumet.
   446 | D        | Found a deep blue altar of Sif Muna.
   446 | D        | Found an ancient bone altar of Kikubaaqudgha.
   446 | D        | Noticed a wizard
   447 | D        | Killed a wizard
   449 | D        | Reached XP level 7. HP: 36/36 MP: 19/19
   460 | D        | Learned a level 2 spell: Repel Missiles
   464 | D        | Learned a level 3 spell: Mephitic Cloud
   470 | D        | Learned a level 2 spell: Slow
   478 | D        | Found a glowing silver altar of Zin.
   479 | D        | Found a glowing golden altar of the Shining One.
   479 | D        | Found a white marble altar of Elyvilon.
   479 | D        | Noticed a deep elf priest
   487 | D        | Killed from afar by a deep elf priest

Vault maps used:
D:        dungeon_sprint_mu

Action                   |  1- 3 |  4- 6 |  7- 9 || total
-------------------------+-------+-------+-------++-------
Melee: Dagger            |     8 |    19 |     2 ||    29
 Cast: Corona            |     1 |       |       ||     1
       Confuse           |       |     2 |       ||     2
       Ensorcelled Hiber |       |     1 |       ||     1
       Tukima's Dance    |       |       |     2 ||     2
       Dazzling Spray    |       |       |     2 ||     2
  Use: Potion            |       |     2 |       ||     2
 Stab: Sleeping          |     4 |     6 |       ||    10
       Confused          |       |     1 |       ||     1
